 Dungeon Crawl Stone Soup version 0.22-a0-362-g535178c (webtiles) character file.

471 Serpenta the Cutter (level 6, -2/47 HPs)
             Began as a Mummy Chaos Knight on Apr 20, 2018.
             Slain by an ogre
             ... wielding a +0 giant club
              (15 damage)
             ... on level 4 of the Dungeon.
             The game lasted 00:10:44 (4473 turns).

Serpenta the Cutter (Mummy Chaos Knight)            Turns: 4473, Time: 00:10:45

Health: -2/47      AC:  5    Str: 16    XL:     6   Next: 83%
Magic:  6/6        EV: 11    Int: 11    God:    Xom [..*...]
Gold:   168        SH:  0    Dex: 13    Spells: 5/5 levels left

rFire    x . .     SeeInvis +   a - +0 short sword (chaos)
rCold    + + .     Gourm    .   (no shield)
rNeg     + + +     Faith    .   b - +2 leather armour
rPois    ∞         Spirit   .   (no helmet)
rElec    .         Reflect  .   (no cloak)
rCorr    .         Harm     .   (no gloves)
MR       .....                  (no boots)
Stlth    +.........             (no amulet)
HPRegen  0.15/turn              f - ring of see invisible
MPRegen  0.10/turn              i - ring of protection from cold

@: no status effects
A: no food or potions, fire vulnerability, cold resistance 1, negative energy
resistance 3, torment resistance, unbreathing
a: Renounce Religion


You were on level 4 of the Dungeon.
You worshipped Xom.
You were a toy of Xom.
You were not hungry.

You visited 1 branch of the dungeon, and saw 4 of its levels.

You collected 168 gold pieces.


Innate Abilities, Weirdness & Mutations

You do not eat or drink.
Your flesh is vulnerable to fire.
You are immune to poison.
Your flesh is cold resistant. (rC+)
You are immune to negative energy. (rN+++)
You are immune to unholy pain and torment.
You can survive without breathing.


   Skills:
 - Level 3.0 Fighting
 + Level 6.5 Short Blades
 - Level 1.5 Armour
 - Level 0.7 Dodging


You had 5 spell levels left.
You didn't know any spells.

Action                   |  1- 3 |  4- 6 || total
-------------------------+-------+-------++-------
Melee: Short sword       |   112 |   159 ||   271
Throw: Javelin           |       |     1 ||     1
  Use: Scroll            |       |     5 ||     5
 Stab: Confused          |     1 |     1 ||     2
       Paralysed         |       |     1 ||     1
Armor: Leather armour    |    32 |    32 ||    64
Dodge: Dodged            |    47 |    49 ||    96

Inventory:

Hand Weapons
 a - a +0 short sword of chaos (weapon)
 c - a +0 blowgun
Missiles
 j - 6 javelins (quivered)
 k - 17 poisoned needles
Armour
 b - a +2 leather armour (worn)
Jewellery
 f - a ring of see invisible (left hand)
 i - a ring of protection from cold (right hand)
Scrolls
 d - a scroll of magic mapping
 g - a scroll of fog {unknown}
 h - a scroll of enchant weapon
 l - 2 scrolls of remove curse
 m - a scroll of enchant armour {unknown}

#.#.##.# #.. ..#
####......# #.# #.#
.#......#### #(####.#
.........# ###.##....
#.#.####.######.........
# #.#.......∩...#.#####.
#.#.##b#........# #.
#.#b##O#.###..#.# #.
#....@.#.# #..#.# #. ###
###.####.# #..#.# #. ..#
#.# #.# #..... .> ..####
#.# ##.# #.#... ## .....
...(....# #..# #.#...
.... ........#
#.####...... ...
........# #...####.....
..# ..####### ###.#
#.#### . #.#


You could see an ogre (invisible).

Vanquished Creatures
  2 big kobolds
  Jessica (D:3)
  7 adders
  An ooze (D:2)
  A worm (D:3)
  2 dart slugs (D:2)
  4 leopard geckos
  6 orcs
  An orc (shapeshifter) (D:2)
  4 goblins
  5 hobgoblins
  6 jackals
  4 bats
  4 frilled lizards
  10 kobolds
  4 rats
62 creatures vanquished.

Vanquished Creatures (collateral kills)
  Grinder (D:3)
1 creature vanquished.

Vanquished Creatures (others)
  A plant (D:2)
1 creature vanquished.

Grand Total: 64 creatures vanquished

Vault maps used:
D:1:      dpeg_arrival_long_road
D:2:      first_ration, lexackson_kobold_supper
D:3:      marbit_many_paths, uniq_jessica, uniq_grinder
D:4:      serial_shops, shop


Message History

The ogre is moderately wounded.
The ogre barely misses you.
You barely miss the ogre.
The ogre is moderately wounded.
You hit the ogre.
The ogre is poisoned.
The ogre is moderately wounded.
The ogre hits you with a giant club!
You hit the ogre.
The ogre seems to speed up.
Xom is highly amused!
The ogre is severely wounded.
The ogre looks more healthy.
The ogre closely misses you. The ogre hits you with a giant club!!
* * * LOW HITPOINT WARNING * * *
A shower of butterflies erupts from you!
You hit the ogre. You burn the ogre.
The ogre is almost dead.
You hit the ogre but do no damage.
Nothing appears to happen.
The ogre is almost dead.
The ogre hits you with a giant club!
You die...

Notes
Turn   | Place    | Note
-------+----------+-------------------------------------------
     0 | D:1      | Serpenta the Mummy Chaos Knight began the quest for the Orb.
     0 | D:1      | Reached XP level 1. HP: 18/18 MP: 1/1
   333 | D:1      | Reached skill level 3 in Short Blades
   333 | D:1      | Reached XP level 2. HP: 24/24 MP: 2/2
   549 | D:1      | XOM: silly message
  1018 | D:2      | XOM: cloud trail
  1050 | D:2      | Reached XP level 3. HP: 28/29 MP: 3/3
  1122 | D:2      | XOM: harmless Hex miscast
  1181 | D:2      | Reached skill level 4 in Short Blades
  1240 | D:2      | Noticed a big kobold
  1240 | D:2      | a worm changed into a big kobold
  1252 | D:2      | XOM: harmless Fire miscast
  1259 | D:2      | Killed a big kobold
  1259 | D:2      | Reached XP level 4. HP: 11/35 MP: 4/4
  1394 | D:2      | XOM: harmless Tloc miscast
  1497 | D:2      | Reached XP level 5. HP: 39/41 MP: 5/5
  2030 | D:2      | XOM: cloud trail
  2223 | D:3      | Reached skill level 5 in Short Blades
  2345 | D:3      | Noticed Grinder
  2358 | D:3      | XOM: harmless Summ miscast
  2819 | D:3      | XOM: confuse monster(s)
  2829 | D:3      | Paralysed by Grinder for 2 turns
  2901 | D:3      | XOM: cast spell 'Cause Fear'
  2908 | D:3      | XOM: harmless Summ miscast
  2912 | D:3      | XOM: summons friendly ufetubus
  2926 | D:3      | Killed Grinder
  2926 | D:3      | Reached XP level 6. HP: 29/47 MP: 6/6
  3127 | D:3      | Reached skill level 6 in Short Blades
  3129 | D:3      | XOM: mild Conj miscast
  3503 | D:3      | Found a glowing golden altar of the Shining One.
  3566 | D:3      | Noticed Jessica
  3572 | D:3      | Killed Jessica
  3602 | D:3      | XOM: mild Summ miscast
  3616 | D:3      | XOM: medium Conj miscast
  3712 | D:3      | XOM: 10-stop teleportation journey
  4099 | D:4      | XOM: silly message
  4218 | D:4      | Found Caugesu's Food Boutique.
  4471 | D:4      | XOM: butterfly on damage
  4473 | D:4      | Slain by an ogre
